AoeStats
← EmirR6S

MegaRandom

506426969Analyzed
4v4 RM · 18d ago on Sep 13, 2026· 63m 21s· 8 players
Game mode
Random Map
Map size
Large (8 player)
Population
200
Speed
Normal
Resources
Standard
Victory
Conquest
Starting age
Dark Age
Ending age
Imperial Age
RankedLock teamsTeams togetherTeam positionsShared explorationLock speedFull tech treeHidden civsTurbo modeCheats
Victory
Defeat
🇹🇼 Wei · Taiwan
1015
+12
🇷🇴 Burmese · Romania
952
+15
🇷🇴 Persians · Romania
898
+17
🇷🇴 Franks · Romania
890
+27
🇬🇧 Wei · United Kingdom
987
-17
🇪🇸 Malay · Spain
930
-16
🇭🇺 Dravidians · Hungary
921
-15
🇷🇴 Turks · Romania
863
-13
obungajpg
7:31 Loom
8:30 Loom
9:29 Loom
10:28 Loom
14:17 Feudal Age
14:23 Double-Bit Axe
14:18 Fishing Lines
14:19 Horse Collar
15:17 Horse Collar
16:16 Horse Collar
20:50 Castle Age
20:41 Bow Saw
20:21 Gillnets
24:35 Scale Barding Armor
24:30 Husbandry
26:31 Husbandry
27:32 Husbandry
30:28 Forging
30:53 Wheelbarrow
30:29 Bow Saw
30:19 Heavy Plow
30:09 Gold Mining
31:56 Iron Casting
31:56 Wheelbarrow
31:32 Bow Saw
33:00 Wheelbarrow
32:35 Bow Saw
32:15 Gold Mining
32:15 Fletching
33:42 Iron Casting
39:30 Imperial Age
41:13 Murder Holes
40:57 Elite Battle Elephant
42:03 Hand Cart
42:48 Blast Furnace
41:08 Capped Ram
52:15 Bodkin Arrow
52:30 Bow Saw
52:50 Crop Rotation
52:10 Gold Mining
52:40 Conscription
52:31 Masonry
52:41 Ballistics
52:31 Guilds
53:53 Bracer
54:29 Gold Shaft Mining
54:04 Guilds
THEAVENGR
11:25 Feudal Age
13:41 Double-Bit Axe
13:51 Loom
16:29 Castle Age
14:16 Loom
23:09 Fletching
24:24 Bodkin Arrow
27:59 Ballistics
29:31 Horse Collar
31:23 Masonry
33:23 Bow Saw
33:53 Fortified Wall
33:47 Stone Mining
35:39 Wheelbarrow
35:52 Gold Mining
37:59 Guard Tower
39:32 Thumb Ring
40:27 Medical Corps
41:00 Heavy Plow
41:27 Husbandry
47:07 Imperial Age
49:00 Conscription
50:40 Two-Man Saw
50:26 Scale Barding Armor
50:33 Forging
50:33 Elite Elephant Archer
51:59 Hand Cart
52:46 Bracer
53:55 Chemistry
56:32 Hoardings
56:51 Padded Archer Armor
60:21 Pikeman
61:03 Squires
GRPo
3:20 Loom
10:31 Feudal Age
11:00 Double-Bit Axe
11:58 Horse Collar
14:50 Wheelbarrow
16:40 Fletching
18:07 Man-at-Arms
23:18 Arson
23:50 Forging
23:41 Padded Archer Armor
23:41 Scale Mail Armor
27:03 Castle Age
31:17 Squires
41:44 Heavy Plow
42:42 Hand Cart
44:48 Leather Archer Armor
49:30 Thumb Ring
51:28 Town Watch
52:47 Sipahi
Chu Ko Who?
0:41 Loom
13:13 Feudal Age
15:14 Double-Bit Axe
19:46 Castle Age
19:16 Fletching
20:45 Stone Mining
24:02 Husbandry
25:45 Bodkin Arrow
33:29 Wheelbarrow
42:52 Thumb Ring
EmirR6S
13:01 Feudal Age
17:54 Castle Age
17:39 Loom
27:36 Fishing Lines
30:52 Pikeman
33:41 Wheelbarrow
33:32 Kamandaran
33:51 Double-Bit Axe
34:49 Gillnets
34:42 Crossbowman
37:10 Horse Collar
38:48 Heavy Plow
39:48 Thumb Ring
40:38 Hand Cart
42:35 Stone Mining
42:36 Gold Mining
46:29 Medium Warships
49:16 Imperial Age
47:26 Scale Mail Armor
47:36 Forging
49:15 Halberdier
50:24 Squires
51:41 Stone Shaft Mining
52:24 Bow Saw
52:40 Chain Mail Armor
53:00 Iron Casting
53:05 Demolition Ship
54:37 Town Watch
57:11 Gold Shaft Mining
59:22 Cavalier
60:03 Husbandry
60:15 Bloodlines
61:41 Town Patrol
62:45 Two-Man Saw
62:23 Crop Rotation
62:28 Savar
George Droyd
1:05 Loom
11:38 Feudal Age
15:38 Castle Age
14:10 Horse Collar
14:44 Stone Mining
18:26 Man-at-Arms
18:51 Gambesons
22:02 Long Swordsman
24:21 Fishing Lines
27:44 Arson
30:44 Wheelbarrow
30:21 Pikeman
31:26 Gillnets
35:02 Scale Mail Armor
35:12 Forging
38:28 Husbandry
38:39 Bloodlines
39:02 Elite Skirmisher
41:24 Hand Cart
44:47 Imperial Age
45:17 Halberdier
45:58 Squires
47:27 Cavalier
58:14 Fervor
58:22 Block Printing
58:40 Illumination
58:44 Sanctity
60:59 Theocracy
61:40 Chain Mail Armor
62:01 Iron Casting
YANNICKKO
11:21 Feudal Age
9:54 Loom
19:50 Gold Mining
24:44 Castle Age
28:58 Scale Barding Armor
45:05 Pikeman
ELO800
5:05 Loom
9:25 Feudal Age
10:03 Double-Bit Axe
12:57 Fletching
14:52 Horse Collar
23:21 Castle Age
25:00 Scale Barding Armor
24:51 Bodkin Arrow
26:09 Wheelbarrow
25:55 Town Watch
28:17 Bow Saw
27:58 Gold Mining
36:40 Chain Barding Armor
36:31 Forging
36:33 Bloodlines
36:23 Husbandry
42:08 Iron Casting
41:37 Town Patrol
42:11 Fervor
45:41 Imperial Age
44:19 Hand Cart
45:49 Sanctity
46:32 Tuntian
47:42 Bracer
48:42 Blast Furnace
48:05 Conscription
48:09 Elite Tiger Cavalry
49:10 Clinker Construction
49:11 Careening
48:56 Heavy Hei Guang Cavalry
49:21 Capped Ram
50:57 Heavy Plow
51:33 Gold Shaft Mining
50:48 Stone Mining
51:24 Bracer
51:25 Padded Archer Armor
50:54 Pikeman
51:35 Squires
57:13 Ming Guang Armor
57:20 Ming Guang Armor
56:37 Halberdier
57:19 Scale Mail Armor
57:23 Heated Shot
57:54 Ballistics
57:15 Treadmill Crane
58:40 Chemistry
58:01 Ballistics
61:47 Medium Warships
61:00 Demolition Ship
62:05 Carvel Hull
Connection lost

Rejoining the realm…

Still unreachable

The connection could not be restored.

Session expired

The server has moved on; the page needs a fresh start.